 Dungeon Crawl Stone Soup version 0.21.1-1-g345015f (webtiles) character file.

4003 microfolk the Transmogrifier (level 10, -11/88 HPs)
             Began as a Grey Draconian Transmuter on May 21, 2018.
             Was an Initiate of Fedhas.
             Mangled by a two-headed ogre
             ... wielding a +0 giant club
              (23 damage)
             ... on level 8 of the Dungeon.
             The game lasted 00:25:56 (12252 turns).

microfolk the Transmogrifier (DrTm)                Turns: 12252, Time: 00:25:56

Health: -11/88     AC:  2    Str: 12    XL:     10   Next: 3%
Magic:  9/13       EV: 19    Int: 22    God:    Fedhas [......]
Gold:   565        SH:  0    Dex: 17    Spells: 7/13 levels left

rFire    . . .     SeeInvis .     - Unarmed
rCold    + . .     Gourm    +   (shield currently unavailable)
rNeg     . . .     Faith    .   (armour unavailable)
rPois    x         Spirit   .   (helmet currently unavailable)
rElec    .         Reflect  .   (cloak currently unavailable)
rCorr    .         Harm     .   (gloves currently unavailable)
MR       .....                  (boots currently unavailable)
Stlth    ++........             r - amulet of the gourmand
HPRegen  0.24/turn              i - ring of protection from cold
MPRegen  0.13/turn              p - +5 ring of intelligence

@: spider-form
A: tiny, (walk through water), unfitting armour, AC +12
a: End Transformation, Fungal Bloom, Renounce Religion


You were on level 8 of the Dungeon.
You worshipped Fedhas.
Fedhas was noncommittal.
You were not hungry.
You were a venomous arachnid creature.
You visited 2 branches of the dungeon, and saw 9 of its levels.

You collected 565 gold pieces.

Inventory:

Hand Weapons
 b - a +0 hunting sling
Missiles
 a - 82 arrows
 d - 292 stones (quivered)
 h - 4 throwing nets
 w - 50 sling bullets
Armour
 A - a +0 pair of gloves
 G - a cursed +0 pair of gloves
Magical Staves
 B - an uncursed staff of air {unknown}
Jewellery
 i - a ring of protection from cold (left front leg)
 l - an uncursed ring of positive energy
 p - a +5 ring of intelligence (right front leg)
 r - an amulet of the gourmand (around neck)
 I - an uncursed ring of stealth {unknown}
Wands
 m - a wand of paralysis (26)
 z - a wand of flame (36)
Scrolls
 f - 7 scrolls of teleportation
 g - a scroll of enchant weapon {unknown}
 s - a scroll of enchant armour {unknown}
 y - a scroll of immolation {unknown}
 E - 2 scrolls of amnesia {unknown}
 H - a scroll of fear {unknown}
Potions
 e - 3 potions of curing {@q1}
 j - 2 potions of brilliance
 n - 2 potions of mutation
 o - 2 potions of heal wounds {@q2}
 q - a potion of agility
 t - a potion of resistance {unknown}
 u - a potion of invisibility {unknown}
 v - a potion of lignification {unknown}
 x - 2 potions of might
 C - a potion of degeneration {unknown}
 D - 3 potions of ambrosia
 F - a potion of berserk rage {unknown}
 J - a potion of cancellation {unknown}
Books
 k - a book of Changes

   Spells                             Type                      Level
   a - Beastly Appendage              Transmutation                1
   b - Sticks to Snakes               Transmutation                2
   c - Spider Form                    Transmutation/Poison         3
   d - Ice Form                       Ice/Transmutation            4
   e - Blade Hands                    Transmutation                5
Comestibles
 c - 11 rations


   Skills:
 + Level 8.0 Fighting
 - Level 1.7 Dodging
 + Level 7.8 Unarmed Combat
 - Level 2.0 Spellcasting
 * Level 10.4 Transmutations


You had 7 spell levels left.
You knew the following spells:

 Your Spells              Type           Power        Failure   Level  Hunger
a - Beastly Appendage     Tmut           #####.       2%          1    #......
b - Sticks to Snakes      Tmut           #####...     2%          2    ##.....
c - Spider Form           Tmut/Pois      ####......   14%         3    ###....


Dungeon Overview and Level Annotations

Branches:
Dungeon (8/15)             Temple (1/1) D:6
   Lair: D:8-11

Altars:
Fedhas
Gozag
Nemelex Xobeh
Vehumet

Shops:
D:8 =

Annotations:
D:3 exclusion: downstairs
D:8 Grum; microfolk's ghost, novice DrTm


Innate Abilities, Weirdness & Mutations

((You can walk through water.))
((Your dull iron-grey scales are very hard. (AC +12)))
You cannot fit into any form of body armour.
((You can survive without breathing.))
((You are cold-blooded and may be slowed by cold attacks.))


Message History

An orc warrior comes into view. It is wielding a war axe.
Things that are here:
a chain mail; an orc skeleton; a hound skeleton An orc comes into view.
It is wielding a hand axe.
The orc shouts!
You hear a shout! x2
The orc throws a stone.
The stone completely misses you.
The stone hits your wandering mushroom but does no damage.
The two-headed ogre barely misses you.
The two-headed ogre hits you with a giant spiked club!!
* * * LOW HITPOINT WARNING * * *
Your wandering mushroom releases spores at the two-headed ogre!
The two-headed ogre is engulfed in a cloud of spores!
You hit the two-headed ogre but do no damage.
The two-headed ogre is poisoned.
The two-headed ogre is moderately wounded.
The two-headed ogre hits you with a giant club!!
* * * LOW HITPOINT WARNING * * *
The two-headed ogre hits you with a giant spiked club!!
You die...
Fedhas appreciates your contribution to the ecosystem.

.# .. ..# #. #.# . ..#.# ..
#.#.# ############
...##.#.#### #..........#
.....o.....####..........##
.........oOP..'............
####....#sf###............
.........##P# ########.##..
.######...##f# #.##.. #.#
#...##..# #.#### #.#
#.......[. #.# #.#
#...###..## #.#### #####.#
#...# ... ...(.. ....#.####
##### .... #.####
###......###### ##.## #.


You could see a two-headed ogre, an orc warrior, an orc and 2 friendly wandering
mushrooms.

Vanquished Creatures
  Erica (D:7)
  A water moccasin (D:8)
  3 sky beasts
  An ice beast (D:7)
  4 orc warriors
  A phantom (D:5)
  A wolf (D:8)
  2 centaurs (D:5)
  2 ogres
  7 bullfrogs
  A scorpion (D:7)
  A killer bee (D:7)
  5 electric eels (D:7)
  5 howler monkeys
  A crimson imp (D:3)
  2 centaur skeletons
  5 orc priests
  2 hounds
  A jelly (D:5)
  2 orc wizards
  4 bullfrog skeletons
  2 iguanas
  5 worker ants
  7 gnolls
  2 howler monkey skeletons
  8 adders
  4 shadow imps
  An adder skeleton (D:5)
  5 dart slugs
  8 leopard geckos
  24 orcs
  4 bats
  5 giant cockroaches
  7 hobgoblins
  2 jackals (D:5)
  2 quokkas
  A ball python (D:3)
  6 frilled lizards
  21 goblins
  7 kobolds
  A leopard gecko skeleton (D:4)
  A quokka skeleton (D:4)
  12 rats
187 creatures vanquished.

Vanquished Creatures (collateral kills)
  A black bear (D:8)
  An ogre (D:7)
  5 killer bees (D:7)
  An orc wizard (D:8)
  Robin (D:2)
  An orc (D:8)
  2 goblins (D:2)
12 creatures vanquished.

Vanquished Creatures (others)
  4 wandering mushrooms
  2 worker ant zombies
  37 toadstools
43 creatures vanquished.

Grand Total: 242 creatures vanquished

Notes
Turn   | Place    | Note
-------+----------+-------------------------------------------
     0 | D:1      | microfolk the Draconian Transmuter began the quest for the Orb.
     0 | D:1      | Reached XP level 1. HP: 16/16 MP: 3/3
   353 | D:1      | Reached XP level 2. HP: 15/23 MP: 5/5
   360 | D:1      | Learned a level 2 spell: Sticks to Snakes
  1450 | D:2      | Reached XP level 3. HP: 29/29 MP: 4/6
  1455 | D:2      | Learned a level 3 spell: Spider Form
  1462 | D:2      | Noticed Robin
  1487 | D:2      | Reached skill level 3 in Transmutations
  1640 | D:2      | Killed Robin
  1977 | D:2      | Reached XP level 4. HP: 36/36 MP: 5/7
  3053 | D:3      | Reached skill level 4 in Transmutations
  3102 | D:3      | Reached XP level 5. HP: 42/42 MP: 8/8
  4402 | D:4      | Found a blossoming altar of Fedhas.
  4410 | D:4      | Became a worshipper of Fedhas Madash
  4467 | D:4      | Reached XP level 6. HP: 46/51 MP: 5/9
  4661 | D:4      | Reached skill level 5 in Transmutations
  5649 | D:5      | Entered Level 5 of the Dungeon
  5848 | D:5      | Your scales start taking on a dull iron-grey colour.
  5848 | D:5      | Reached XP level 7. HP: 56/59 MP: 6/10
  5848 | D:5      | Gained mutation: You can survive without breathing. [Grey Draconian growth]
  6109 | D:5      | Reached skill level 6 in Transmutations
  6186 | D:5      | Reached skill level 5 in Unarmed Combat
  6841 | D:6      | Reached skill level 5 in Fighting
  6887 | D:6      | Found a staircase to the Ecumenical Temple.
  6896 | Temple   | Entered the Ecumenical Temple
  7066 | D:6      | Reached XP level 8. HP: 68/68 MP: 8/11
  7175 | D:6      | Reached skill level 7 in Transmutations
  7176 | D:6      | Reached * piety under Fedhas
  7213 | D:6      | Found a sparkling altar of Nemelex Xobeh.
  7532 | D:6      | Found a radiant altar of Vehumet.
  8251 | D:7      | Reached skill level 8 in Transmutations
  8882 | D:7      | Reached XP level 9. HP: 60/78 MP: 9/12
  9624 | D:7      | Reached skill level 9 in Transmutations
 10400 | D:8      | Noticed Grum
 10812 | D:8      | Noticed microfolk's ghost (novice DrTm)
 11088 | D:8      | Found Worrokux's Jewellery Shoppe.
 11111 | D:8      | Noticed Erica
 11787 | D:7      | Killed Erica
 11787 | D:7      | Reached skill level 10 in Transmutations
 12226 | D:8      | Reached XP level 10. HP: 78/88 MP: 10/13
 12248 | D:8      | Noticed a two-headed ogre
 12252 | D:8      | Mangled by a two-headed ogre

Skill      XL: |  1  2  3  4  5  6  7  8  9 10 |
---------------+-------------------------------+-----
Transmutations | 3 4 5 6 8 10 | 10.4
Fighting       | 2 3 4 5 6 7 8 |  8.0
Unarmed Combat | 4 5 6 7 |  7.8
Dodging        | |  1.7
Spellcasting   | |  2.0

Action                   |  1- 3 |  4- 6 |  7- 9 | 10-12 || total
-------------------------+-------+-------+-------+-------++-------
Melee: Unarmed           |   146 |   202 |   323 |    12 ||   683
       Kick              |    11 |     3 |     1 |       ||    15
       Tailslap          |    13 |    13 |    11 |       ||    37
       Headbutt          |     4 |     4 |       |       ||     8
       Punch             |     1 |     1 |     2 |       ||     4
 Fire: Hunting sling     |       |    14 |     6 |       ||    20
Throw: Stone             |     6 |     9 |     4 |       ||    19
 Cast: Beastly Appendage |    22 |     8 |     1 |       ||    31
       Sticks to Snakes  |     3 |     1 |    15 |       ||    19
       Spider Form       |       |    16 |    41 |       ||    57
Invok: Fungal Bloom      |       |     1 |    29 |     1 ||    31
       Evolution         |       |       |     4 |     2 ||     6
 Abil: End Transformatio |       |     1 |       |       ||     1
Evoke: Wand              |       |       |    11 |       ||    11
  Use: Scroll            |     1 |     2 |     8 |       ||    11
       Potion            |       |       |     2 |       ||     2
 Stab: Sleeping          |     1 |     1 |       |       ||     2
       Distracted        |       |       |     1 |       ||     1
  Eat: Chunk             |     4 |    11 |    20 |       ||    35
       Ration            |       |     1 |     3 |       ||     4
Armor: Skin              |    44 |    31 |    32 |     1 ||   108
Dodge: Dodged            |    87 |   138 |   215 |     7 ||   447
